OHHHHH BOY, neutral female gnomish Tourist ---------- |..|..........| |......------.--- |......| |...| |... ---.- ---.%- ... --- |...-- |... --.-- ---.--- -.. |...| |.....| |..----.--..----- --a..|...--....|.-- --. |..@...--...).....| .--..----- |...| |.a.......%n......-- ......--..-- --...| |-%.d...[%.........--- ...^.......| ----....----...f......--........| ..........-| --<..................-----.|.--..| .........)---........---....[...-- -----|..| ....................| --......-- ---- .>....------....--- --.--..| -.|.-- ---.-- ---- ---- --- OHHHHH BOY the Sightseer Experience level: 5 Strength: 12 Dexterity: 11 Constitution: 15 Intelligence: 11 Wisdom: 11 Charisma: 16 Health: 0(44) Energy: 20(20) Def: 7 Gold: 851 Moves: 3830 Dungeon seed: 4X-XHp2onQK-l4jX Game ID: OHHHHH BOY_1516326214 Your Inventory: Coins $ - 851 gold pieces Weapons a - 16 uncursed +2 darts (in quiver) p - 14 uncursed +0 darts v - an uncursed +0 boomerang Z - 10 blessed poisoned +2 orcish arrows Armor n - an uncursed +0 Hawaiian shirt (being worn) Q - an uncursed +0 pair of speed boots (being worn) S - an uncursed +0 mummy wrapping Comestibles b - 5 uncursed food rations c - 4 uncursed tripe rations o - 3 uncursed bananas s - an uncursed melon A - an uncursed slime mold G - an uncursed clove of garlic H - 2 uncursed sprigs of wolfsbane I - an uncursed egg X - 4 uncursed apples Scrolls f - 3 uncursed scrolls of magic mapping q - an uncursed scroll of confuse monster y - an uncursed scroll of enchant weapon U - an uncursed scroll of teleportation Potions e - 4 uncursed potions of extra healing t - an uncursed potion of oil u - an uncursed potion of water E - an uncursed potion of object detection F - an uncursed potion of booze V - an uncursed potion of sleeping Wands r - an uncursed wand of secret door detection (0:14) D - an uncursed wand of make invisible (0:4) Tools g - an uncursed credit card h - an uncursed expensive camera (0:31) i - an uncursed leash j - an uncursed magic marker (0:0) k - an uncursed tin opener l - an uncursed towel C - an uncursed oil lamp (lit) (0:733) J - an uncursed skeleton key P - an uncursed blindfold T - an uncursed skeleton key W - a cursed oil lamp (0:1401) Gems d - an uncursed opal w - an uncursed worthless piece of orange glass x - 2 uncursed worthless pieces of yellow glass z - 2 uncursed worthless pieces of yellowish brown glass K - an uncursed worthless piece of white glass L - an uncursed worthless piece of red glass M - an uncursed worthless piece of blue glass N - 3 uncursed worthless pieces of violet glass R - an uncursed fluorite stone Y - an uncursed amber stone Spells and supernatural/magical abilities: Spells marked with '*' are forgotten. Spells marked with '!' are maintained. Spells marked with '#' are aliased with 'castalias'. Name Level Category Fail Memory m - magic missile 2 attack 100% 100% W - pray for help -- divine ? -- Your skills at the end: Fighting Skills wands [Basic] Weapon Skills dart [Skilled] Spellcasting Skills Final Attributes: You were telepathic. You had infravision. You were protected. You were very fast. You are dead. Vanquished creatures: a priest a wolf a leprechaun an orc-captain a giant spider a dwarf lord a dust vortex a bugbear a wood nymph 2 Uruk-hai a rock mole 2 ponies a fog cloud a kobold mummy a gray ooze a little dog a floating eye a kitten a homunculus a rothe 2 centipedes an orc zombie a wererat 2 iguanas 2 killer bees 2 acid blobs 2 hobbits a manes 2 large kobolds a hobgoblin a giant rat a cave spider a brown mold a yellow mold a red mold 5 gnomes 4 geckos 12 jackals 4 foxes 2 kobolds 3 goblins 6 sewer rats 8 grid bugs 2 bats 4 lichens a kobold zombie 4 newts 98 creatures vanquished. Voluntary challenges: You used a wielded weapon 8 times, starting on turn 377. You read items or engraved 9 times, starting on turn 906. You never genocided any monsters. You never polymorphed an object. You never changed form. You used no wishes. You never split a pudding. You wrote Elbereth's name 2 times, starting on turn 906. You never violated your personal moral code. Dungeon overview: The Dungeons of Doom: levels 1 to 4 Level 1 an altar to Offler, a fountain a long staircase Level 2 Level 3 a fountain stairs to The Gnomish Mines Level 4 some fountains The Gnomish Mines: levels 4 to 9 Level 4 stairs to The Dungeons of Doom Level 5 Level 6 Level 7 many shops, a temple to Offler, some fountains, some trees Level 8 Level 9 <- You were here History has recorded: On T:1 you entered the Dungeons of Doom to retrieve the Amulet of Yendor! On T:433 you reached level 2 of The Dungeons of Doom. On T:649 you reached level 3 of The Dungeons of Doom. On T:682 you reached level 4 of The Dungeons of Doom. On T:1521 you reached level 1 of The Gnomish Mines. On T:1909 you reached level 2 of The Gnomish Mines. On T:2164 you reached level 3 of The Gnomish Mines. On T:2841 you advanced to experience level 2. On T:2886 you advanced to experience level 3. On T:3020 you reached level 5 of The Gnomish Mines. On T:3076 you advanced to experience level 4. On T:3409 you advanced to experience level 5. On T:3420 you reached level 6 of The Gnomish Mines. Score breakdown: Gold: 218 ( 7961 points) Experience: 5 levels (11141 points) Exploration: 9 levels ( 18.00%) (12121 points) Discoveries: 10 items ( 3.31%) ( 5459 points) Valuables value: (no points given unless you survive) Artifact value: 0 ( 0 points) Variety of kills: 47 monsters ( 12.37%) (10550 points) Turncount: 3830 turns ( -960 points) Survival: died (score multiplied by 80%) Total score: 37017 Latest messages: You hear some noises in the distance. You hear some noises nearby. You hear some noises in the distance. You hear some noises nearby. The dart hits the soldier ant. You hear some noises in the distance. You hear some noises nearby. Its sting was poisoned! a - an uncursed +2 dart (in quiver). The soldier ant misses. The soldier ant stings! The soldier ant just misses! The soldier ant misses. The soldier ant bites! The soldier ant stings! The soldier ant's sting was poisoned! The soldier ant misses. The soldier ant stings! The soldier ant bites! The soldier ant stings! You die... Final status: Aloha OHHHHH BOY the Tourist, killed by a soldier ant... You died in The Gnomish Mines on dungeon level 9 with 37017 points, and 851 pieces of gold, after 3830 moves. You were level 5 with a maximum of 44 hit points when you died.